 Dungeon Crawl Stone Soup version 0.25.1-2-g60ff931df9 (webtiles) character file.

Game seed: 519215556993861559

6862 guibole the Blocker (level 10, -6/86 HPs)
             Began as a Minotaur Fighter on Nov 14, 2020.
             Mangled by a two-headed ogre
             ... wielding a +0 dire flail
              (12 damage)
             ... on level 9 of the Dungeon.
             The game lasted 00:27:22 (8152 turns).

guibole the Blocker (Minotaur Fighter)              Turns: 8152, Time: 00:27:22

Health: -6/86      AC: 19    Str: 30    XL:     10   Next: 78%
Magic:  9/9        EV:  9    Int:  7    God:
Gold:   400        SH: 19    Dex: 14    Spells: 9/9 levels left

rFire    . . .     SeeInvis .   D - +0 hand axe of Weodut {flame, rN++}
rCold    + . .     Gourm    .   c - +1 kite shield
rNeg     + + .     Faith    .   G - +0 plate armour
rPois    .         Spirit   .   (helmet restricted)
rElec    .         Reflect  +   d - +2 cloak "Dappah" {rC+ Dex+4}
rCorr    .         Harm     .   (no gloves)
MR       .....                  (no boots)
Stlth    ..........             p - amulet of reflection
HPRegen  0.24/turn              g - +6 ring of strength
MPRegen  0.11/turn              (no ring)

@: mighty, lethally poisoned (-6 -> -7), slowed, very slow
A: retaliatory headbutt, horns 2, slimy green scales 1, blink, clever 1
a: Blink


You were on level 9 of the Dungeon.
You were not hungry.

You visited 1 branch of the dungeon, and saw 9 of its levels.

You collected 400 gold pieces.

Inventory:

Hand Weapons
 a - a +0 war axe
 m - a +0 hand axe
 q - a +2 flail of protection
 x - a +2 vampiric flail
 D - the +0 hand axe of Weodut (weapon) {flame, rN++}
   (You found it on level 6 of the Dungeon)

   It has been specially enchanted to burn those struck by it, causing extra
   injury to most foes and up to half again as much damage against particularly
   susceptible opponents.
   Big, fiery blades are also staple armaments of hydra-hunters.
   It greatly protects you from negative energy.
Armour
 b - a +0 scale mail
 c - a +1 kite shield (worn)
 d - the +2 cloak "Dappah" (worn) {rC+ Dex+4}
   (You acquired it on level 6 of the Dungeon)

   It affects your dexterity (+4).
   It protects you from cold.
 l - a +0 scale mail
 G - a +0 plate armour (worn)
Jewellery
 e - a cursed amulet of inaccuracy
 g - a +6 ring of strength (left hand)
 h - an uncursed amulet of regeneration {unknown}
 j - an uncursed amulet of guardian spirit
 n - an uncursed ring of fire
 o - a cursed amulet of inaccuracy
 p - an amulet of reflection (around neck)
 t - an uncursed ring of flight
 H - an uncursed ring of wizardry
Wands
 v - a wand of clouds (3)
 w - a wand of polymorph (9)
 y - a wand of iceblast (10)
 B - a wand of acid (4)
 C - a wand of paralysis (12)
Scrolls
 i - 2 scrolls of fear
 k - 7 scrolls of remove curse
 r - a scroll of amnesia
 s - a scroll of enchant armour
 F - a scroll of holy word {unknown}
 I - a scroll of fog
Potions
 u - a potion of stabbing
 z - 2 potions of curing
 A - a potion of flight
Comestibles
 f - 19 rations
 E - 11 chunks of flesh


   Skills:
 + Level 7.4 Fighting
 + Level 10.7(11.0) Axes
 + Level 3.5(7.8) Maces & Flails
 + Level 9.6 Armour
 + Level 3.9 Dodging
 + Level 2.1 Stealth
 + Level 11.3 Shields


You had 9 spell levels left.
You didn't know any spells.
Your spell library was empty.

Dungeon Overview and Level Annotations

Branches:
Dungeon (9/15)             Temple (0/1) D:5
   Lair: D:8-11         Orc: D:9-12

Altars:
Dithmenos
Fedhas
Hepliaklqana
Vehumet
Wu Jian
Yredelemnul
Zin


Innate Abilities, Weirdness & Mutations

You reflexively headbutt those who attack you in melee.
You have a pair of horns on your head.
You are partially covered in slimy green scales. (AC +2)
You can translocate small distances at will.
Your mind is acute. (Int +2)


Message History

Your headbutt misses the two-headed ogre.
The two-headed ogre is moderately wounded.
You hit the wraith but do no damage. The wraith hits you!
* * * LOW HITPOINT WARNING * * *
You block the two-headed ogre's attack.
The two-headed ogre completely misses you.
You hit the two-headed ogre. You burn the two-headed ogre.
You headbutt the two-headed ogre!
The two-headed ogre is heavily wounded.
You barely miss the wraith. You block the wraith's attack.
You block the two-headed ogre's attack.
The two-headed ogre hits you with a +0 giant club!
* * * LOW HITPOINT WARNING * * *
The wraith hits you but does no damage.
You feel sick.
The tengu warrior looks more healthy.
You block the two-headed ogre's attack. The two-headed ogre barely misses you.
You feel very mighty all of a sudden.
An orc warrior comes into view. It is wielding a +2 vorpal great mace.
The two-headed ogre hits you with a +0 dire flail!
You die...

#..(.....# #... ..._
##.###.###. ..# . ###..#
#. ##.#
...##.#..###.#####.### #
.........#?#...#.[?%?# .#
....##...#.###.#).$?$##...
.. ##.........).[!.....
#..#.###.#!W).%##
#..#...#.#@O.%)#
#..###.#####y### ...#
...#.c#QO# ....# ..#..##.#
###... ...## h.$ ##.# ..#.
#.$ ....#. $o.. #.# # #.#
.. ##


You could see a tengu warrior, a two-headed ogre, a wraith, an orc warrior
(wandering), an ogre and a killer bee.

Vanquished Creatures
  A two-headed ogre (D:9)
  Pikel (D:8)
  Maggie (D:8)
  A gargoyle (D:9)
  A slime creature (D:9)
  A human (D:7)
  A yak (D:7)
  Grum (D:8)
  3 hogs (D:7)
  2 wyverns
  A vampire mosquito (D:9)
  2 water moccasins (D:9)
  A soldier ant (D:9)
  A phantom (D:4)
  3 ice beasts
  2 orc warriors
  2 sky beasts
  2 wolves (D:8)
  2 centaurs
  3 ogres
  A crocodile (D:8)
  Blork the orc (D:6)
  2 bullfrogs
  3 scorpions
  3 howler monkeys (D:9)
  3 crimson imps
  3 centaur zombies
  5 hounds
  A bullfrog zombie (D:5)
  2 jellies (D:7)
  2 centaur skeletons (D:4)
  2 bullfrog skeletons
  5 orc priests
  9 orc wizards
  6 iguanas
  3 worker ants
  Terence (D:3)
  A hound zombie (D:6)
  2 hound skeletons
  6 gnolls (D:8)
  9 adders
  A shadow imp (D:8)
  3 oozes
  2 worms (D:3)
  2 dart slugs
  6 leopard geckos
  33 orcs
  2 ball pythons
  10 bats
  9 giant cockroaches
  11 goblins
  15 hobgoblins
  8 jackals
  2 quokkas
  8 frilled lizards
  A giant cockroach zombie (D:5)
  2 jackal skeletons
  11 kobolds
  9 rats
237 creatures vanquished.

Vanquished Creatures (others)
  A phantom (D:8)
  A killer bee (D:9)
  4 plants (D:9)
6 creatures vanquished.

Grand Total: 243 creatures vanquished

Notes
Turn   | Place    | Note
-------+----------+-------------------------------------------
     0 | D:1      | guibole the Minotaur Fighter began the quest for the Orb.
     0 | D:1      | Reached XP level 1. HP: 19/19 MP: 0/0
    70 | D:1      | Reached skill level 4 in Shields
    91 | D:1      | Reached XP level 2. HP: 27/27 MP: 1/1
   472 | D:1      | You fall into a shaft and drop 1 floor!
   482 | D:2      | Reached XP level 3. HP: 27/33 MP: 2/2
  1151 | D:2      | Reached XP level 4. HP: 41/41 MP: 3/3
  1231 | D:2      | Found a radiant altar of Vehumet.
  1727 | D:3      | Found a glowing silver altar of Zin.
  1789 | D:3      | Found a hazy altar of Hepliaklqana.
  1845 | D:3      | Reached XP level 5. HP: 47/47 MP: 4/4
  2021 | D:3      | Reached skill level 5 in Shields
  2172 | D:3      | Noticed Terence
  2179 | D:3      | Killed Terence
  2587 | D:4      | Noticed a phantom
  2613 | D:4      | Killed a phantom
  2613 | D:4      | Reached XP level 6. HP: 25/53 MP: 5/5
  2690 | D:4      | Reached skill level 5 in Armour
  2702 | D:4      | Reached skill level 1 in Dodging
  2703 | D:4      | Reached skill level 5 in Axes
  3340 | D:5      | Entered Level 5 of the Dungeon
  3356 | D:5      | Reached XP level 7. HP: 60/60 MP: 6/6
  3458 | D:5      | Found a shadowy altar of Dithmenos.
  3470 | D:5      | Reached skill level 6 in Shields
  3573 | D:5      | Found a staircase to the Ecumenical Temple.
  3883 | D:6      | Reached skill level 5 in Fighting
  4368 | D:6      | Reached XP level 8. HP: 68/68 MP: 7/7
  4433 | D:6      | Reached skill level 1 in Maces & Flails
  4440 | D:6      | Reached skill level 7 in Shields
  4483 | D:6      | Found an ornate altar of the Wu Jian Council.
  4566 | D:6      | Noticed Blork the orc
  4574 | D:6      | Killed Blork the orc
  4618 | D:6      | Got a transparent hand axe
  4623 | D:6      | Identified the cursed +0 hand axe of Weodut {flame, rN++}
                  | (You found it on level 6 of the Dungeon)
  4627 | D:6      | Identified a scroll of acquirement
  4627 | D:6      | Acquired the +2 cloak "Dappah" {rC+ Dex+4}
  5250 | D:7      | Gained mutation: You can translocate small distances at
                  | will. [potion of mutation]
  5250 | D:7      | Gained mutation: Your mind is acute. (Int +2) [potion of
                  | mutation]
  5250 | D:7      | Gained mutation: You are partially covered in slimy green
                  | scales. (AC +2) [potion of mutation]
  5253 | D:7      | Reached skill level 1 in Stealth
  5802 | D:7      | Reached skill level 8 in Shields
  5810 | D:7      | Reached XP level 9. HP: 49/75 MP: 8/8
  6236 | D:8      | Noticed Maggie
  6252 | D:8      | Killed Maggie
  6252 | D:8      | Reached skill level 9 in Shields
  6867 | D:8      | Noticed Pikel
  6878 | D:8      | Killed Pikel
  6968 | D:8      | Reached skill level 10 in Axes
  6968 | D:8      | Reached XP level 10. HP: 84/84 MP: 9/9
  7011 | D:8      | Noticed Grum
  7038 | D:8      | Killed Grum
  7215 | D:8      | Reached skill level 10 in Shields
  7422 | D:9      | Found a blossoming altar of Fedhas.
  7520 | D:9      | Noticed a two-headed ogre
  7536 | D:9      | Killed a two-headed ogre
  7547 | D:9      | HP: 2/86 [something (4)]
  7957 | D:9      | Found a basalt altar of Yredelemnul.
  8110 | D:9      | Noticed a gargoyle
  8110 | D:9      | Noticed a tengu warrior
  8124 | D:9      | Noticed a centaur warrior
  8132 | D:9      | Reached skill level 11 in Shields
  8134 | D:9      | Killed a gargoyle
  8135 | D:9      | Noticed a two-headed ogre
  8152 | D:9      | Mangled by a two-headed ogre

Illustrated notes

Levels and vault maps discovered:
D:1:      scummos_arrival_hexagon, layout_basic, minivault_11
D:2:      kb_forest_paths, layout_basic, vehumet_crystals
D:3:      layout_basic, overflow_temple_1_default,
          nicolae_overflow_crystal_walls, first_ration, uniq_terence
D:4:      layout_rooms, amethyst_killhole
D:5:      layout_basic, nicolae_dithmenos_shadow_blocks,
          minmay_temple_entry_poolview
D:6:      layout_basic, old_standard_altar, uniq_blork_the_orc
D:7:      layout_basic, grunt_livestock, minmay_misc_feat_plants, hex_large
D:8:      layout_loops_corners, uniq_grum, uniq_pikel, uniq_maggie
D:9:      minmay_the_grid_square_5x5_4x4 [minmay_the_grid_square_5x5_plus,
          minmay_the_grid_square_5x5_forky,
          minmay_the_grid_square_5x5_two_walls_b,
          minmay_the_grid_square_5x5_two_walls_a,
          minmay_the_grid_square_5x5_misaligned,
          minmay_the_grid_square_5x5_prize_junk,
          minmay_the_grid_square_5x5_prize_rear_guard,
          minmay_the_grid_square_5x5_bracketed,
          minmay_the_grid_square_5x5_beaten_path,
          minmay_the_grid_square_5x5_prize_itemx,
          minmay_the_grid_square_5x5_prize_gold,
          minmay_the_grid_square_5x5_corner, minmay_the_grid_square_5x5_shrine1,
          minmay_the_grid_square_5x5_meh, minmay_the_grid_square_5x5_bridge,
          minmay_the_grid_square_5x5_inset], layout_cave_pools,
          lemuel_crystal_altar, david_lair_shrubbed, grunt_ministairs_12,
          st_stairs_5, serial_bayou_crossing

Skill      XL: |  1  2  3  4  5  6  7  8  9 10 |
---------------+-------------------------------+-----
Shields        | 4 5 6 8 9 11 | 11.3
Fighting       | 4 5 6 7 |  7.4
Armour         | 4 5 6 7 8 9 |  9.6
Axes           | 3 4 5 7 8 10 | 10.7
Dodging        | 1 2 3 |  3.9
Maces & Flails | 3 |  3.5
Stealth        | 1 2 |  2.1

Action                   |  1- 3 |  4- 6 |  7- 9 | 10-12 || total
-------------------------+-------+-------+-------+-------++-------
Melee: War axe           |   115 |   157 |    49 |       ||   321
       Headbutt          |    10 |    28 |    71 |    53 ||   162
       Flail             |       |       |    33 |       ||    33
       Hand axe          |       |       |   187 |   178 ||   365
  Use: Scroll            |       |     4 |    10 |     8 ||    22
       Potion            |       |     8 |     3 |     4 ||    15
  Eat: Chunk             |     1 |     5 |    11 |     1 ||    18
       Ration            |       |     1 |       |     1 ||     2
Armor: Scale mail        |    67 |    62 |    37 |       ||   166
       Plate armour      |       |       |    13 |   115 ||   128
Dodge: Dodged            |    40 |    32 |    42 |    39 ||   153
Block: Kite shield       |    74 |   156 |   198 |   178 ||   606
       Reflection        |       |     5 |       |     2 ||     7
